 Dungeon Crawl Stone Soup version 0.30.0-29-ga12c61a403 (webtiles) character file.

Game seed: 4747470459788970843

42 qw the Chopper (level 3, -4/23 HPs)
             Began as a Gargoyle Fighter on June 5, 2023.
             Slain by Sigmund
             ... wielding a +2 scythe of venom
              (7 damage)
             ... on level 2 of the Dungeon.
             The game lasted 00:00:35 (1402 turns).

qw the Chopper (Gargoyle Fighter)                   Turns: 1402, Time: 00:00:35

Health: -4/23      AC: 11    Str: 21    XL:     3   Next: 56%
Magic:  3/3        EV:  9    Int:  8    God:
Gold:   62         SH:  0    Dex:  9    Spells: 2/2 levels left

rFire   . . .        Y - +0 war axe
rCold   . . .        c - +0 buckler
rNeg    + . .        b - +0 scale mail
rPois   inf          (no helmet)
rElec   +            i - +0 cloak
rCorr   .            (no gloves)
SInv    .            (no boots)
Will    .....        (no amulet) Stlth
                     (no ring)
HPRegen 0.23/turn    (no ring)
MPRegen 0.08/turn

%: no passive effects
@: confused
A: sickness immunity, AC +3, negative energy resistance 1, electricity
resistance, torment resistance 1, petrification resistance
a: no special abilities


You were on level 2 of the Dungeon.
You visited 1 branch of the dungeon, and saw 2 of its levels.

You collected 62 gold pieces.


Innate Abilities, Weirdness & Mutations

You are immune to sickness and miasma.
Your stone body is resilient. (AC +3)
You are immune to poison.
You resist negative energy. (rN+)
You are resistant to electric shocks. (rElec)
You are resistant to unholy torment.
You are immune to petrification.


   Skills:
 - Level 3.2 Fighting
 + Level 3.5 Axes
 - Level 3.2 Armour
 - Level 3.2 Shields


You had 2 spell levels left.
You didn't know any spells.
Your spell library was empty.

Inventory:

Hand Weapons
 m - a +0 mace
 Y - a +0 war axe (weapon)
Armour
 b - a +0 scale mail (worn)
 c - a +0 buckler (worn)
 h - an orb of mayhem
 i - a +0 cloak (worn)
Scrolls
 a - 4 scrolls of identify
 k - a scroll of teleportation
Potions
 d - a potion of might
 f - a potion of cancellation {unknown}
 g - a potion of ambrosia {unknown}
 j - a potion of curing {unknown}
 l - a potion of flight {unknown}

Dungeon Overview and Level Annotations

Branches:
Dungeon (2/15)

Altars:

Shops:
D:2 (

Annotations:
D:2 Sigmund


Message History

You slash the giant cockroach!
You kill the giant cockroach!
You start resting.
HP restored.
You see here a giant cockroach corpse.
Sigmund the Dreaded comes into view.
He is wielding a +2 scythe of venom and wearing a +1 robe of positive energy.
Sigmund shouts!
Enter note:
Enter note:
Enter note:
Enter note:
Enter note:
Enter note:
Enter note:
Enter note:
Enter note:
Enter note:
Enter note:
Enter note: Sigmund barely misses you.
You hit Sigmund.
Sigmund is lightly wounded.
Sigmund gestures at you while chanting.
You are confused.
Sigmund hits you with a +2 scythe of venom.
Sigmund hits you with a +2 scythe of venom!
Sigmund barely misses you.
You feel less confused.
You hit Sigmund.
Sigmund is moderately wounded.
Sigmund casts a spell.
Sigmund flickers and vanishes!
Deactivating autopickup; reactivate with Ctrl-A.
Something hits you!
You closely miss something.
You hear some strange, mumbled words.
You are confused.
Something hits you but does no damage. Something hits you!
You die...

......#'## #........##....#
..... #.# ####........##.....
..<.###.###..................
##> +..\..'.##.......###.....
.. ###.###%.#.......# ##....
. . #.#....#####'######....
...#+#....# #........#....
..........# #........#....
.........@# #........#####
..####.{..# #............# +
#....# #...%......... #....#
#............# #....#
#............# #....#
#...........## ######
#...........## #...........#<
..########.....


There were no monsters in sight!

Vanquished Creatures
  A gnoll (D:1)
  2 dart slugs
  3 ball pythons (D:1)
  4 endoplasms (D:1)
  2 giant cockroaches (D:2)
  2 goblins (D:1)
  4 hobgoblins
  2 kobolds (D:1)
  A quokka (D:1)
  A bat (D:1)
  A frilled lizard (D:1)
  4 rats (D:1)
27 creatures vanquished.

Notes
Turn   | Place    | Note
-------+----------+-------------------------------------------
     0 | D:1      | qw the Gargoyle Fighter began the quest for the Orb.
     0 | D:1      | Reached XP level 1. HP: 14/14 MP: 1/1
     0 | D:1      | 0 ||| qw: Version: 0.2-a-108-gee2c290
     0 | D:1      | 0 ||| qw: Game counter: 1324
     0 | D:1      | 0 ||| qw: Always use a shield: true
     0 | D:1      | 0 ||| qw: God list: Okawaru
     0 | D:1      | 0 ||| qw: Allow faded altars: false
     0 | D:1      | 0 ||| qw: Do Orc after D:15 true
     0 | D:1      | 0 ||| qw: Do second Lair branch before Depths: true
     0 | D:1      | 0 ||| qw: Lair rune preference: random
     0 | D:1      | 0 ||| qw: Plans: Normal, Zot:1-4, Slime:5, God:TSO, Crypt,
                  | Tomb, Abyss, Pan, Hells, Win
     0 | D:1      | 0 ||| PLANNING D:1-11
    67 | D:1      | 67 ||| Stepping ~*~*~tactically~*~*~ (hiding).
    68 | D:1      | 68 ||| Stepping ~*~*~tactically~*~*~ (hiding).
    70 | D:1      | 70 ||| Stepping ~*~*~tactically~*~*~ (stealth).
    84 | D:1      | 84 ||| Stepping ~*~*~tactically~*~*~ (stealth).
    95 | D:1      | 95 ||| Stepping ~*~*~tactically~*~*~ (hiding).
    97 | D:1      | 97 ||| Stepping ~*~*~tactically~*~*~ (hiding).
   106 | D:1      | Reached XP level 2. HP: 19/19 MP: 2/2
   319 | D:1      | Reached skill level 3 in Axes
   381 | D:1      | Reached XP level 3. HP: 21/23 MP: 3/3
   999 | D:1      | 999 ||| UPGRADING to +0 cloak.
  1004 | D:1      | 1004 ||| READING 3 scrolls labelled OHYBYFAGAPP.
  1005 | D:1      | 1005 ||| READING scroll labelled ITWEOM KEPPYASCH.
  1106 | D:1      | 1106 ||| READING 2 scrolls labelled MOETYE WYME.
  1109 | D:1      | 1109 ||| READING 2 scrolls of identify.
  1109 | D:1      | 1109 ||| IDENTIFYING bubbling coppery potion
  1110 | D:1      | 1110 ||| DROPPING potion of invisibility.
  1363 | D:2      | 1363 ||| DROPPING +0 club.
  1366 | D:2      | Found Tagoto's Weapon Boutique.
  1371 | D:2      | 1371 ||| SHOPLISTING +2 flail of pain (227 gold, have 62).
  1371 | D:2      | 1371 ||| SHOPLISTING +3 whip (214 gold, have 62).
  1371 | D:2      | 1371 ||| SHOPLISTING +6 war axe "Biepsimp" {flame, Fragile
                  | Str+7 Dex+5} (691 gold, have 62).
  1388 | D:2      | Noticed Sigmund
  1398 | D:2      | HP: 2/23 [something (9)]
  1402 | D:2      | Slain by Sigmund

Levels and vault maps discovered:
D:1:      minmay_arrival_doors, layout_basic
D:2:      layout_basic, basic_altar, serial_shops, nicolae_shop_hallway_plus,
          uniq_sigmund

Skill      XL: |  1  2 |
---------------+-------+-----
Axes           | 2 3 |  3.5
Fighting       | |  3.2
Armour         | |  3.2
Shields        | |  3.2

Action                     || total
---------------------------++-------
  Melee: War axe           ||    75
    Use: Scroll            ||     4
 Armour: Scale mail        ||    33
  Dodge: Dodged            ||    24
  Block: Buckler           ||    18

Table legend:
 A = Non-vault XP
 B = Vault XP
 C = Vault XP percentage of total XP
 D = Non-vault monster count
 E = Vault monster count
 F = Vault count percentage of total count
                 A         B        C        D         E       F
            +---------+---------+-------+---------+---------+-------
      Total |      61 |       0 |   0.0 |      27 |       0 |   0.0
            +---------+---------+-------+---------+---------+-------
        D:1 |      49 |       0 |   0.0 |      22 |       0 |   0.0
        D:2 |      12 |       0 |   0.0 |       5 |       0 |   0.0
            +---------+---------+-------+---------+---------+-------
